Map: [ESL] Royal Blood

Players

SKillous - Winner!

  • Race: Protoss Protoss
  • Spawn Location: 7:00

DnS

  • Race: Protoss Protoss
  • Spawn Location: 1:00

Event: ESL SC2 Masters 2023 Summer (Regionals)

VOD

Have the link to the VOD?

Description

Time

  • Played on: May 18, 2023, 12:01 p.m.
  • Length: 6:12

All games in this series

Show
View Real Time Build Order
Export as new Build Order

SKillous Protoss - Winner!

Build Orders: Blink Stalkers 

Get SALT Encoding   

  12  0:00  Probe  
  13  0:12  Probe  
  14  0:17  Pylon  
  14  0:24  Probe (Chrono Boost)  
  15  0:36  Probe (Chrono Boost), Gateway  
  16  0:44  Probe (Chrono Boost)  
  16  0:46  Assimilator  
  17  0:50  Probe  
  17  0:54  Assimilator  
  18  1:03  Probe (Chrono Boost)  
  19  1:08  Gateway  
  20  1:12  Probe (Chrono Boost)  
  20  1:17  Probe (Chrono Boost)  
  20  1:24  Cybernetics Core  
  21  1:29  Probe  
  22  1:34  Pylon  
  22  1:41  Probe  
  23  1:53  Probe  
  24  2:02  Warp Gate, Stalker x2  
  28  2:09  Pylon  
  28  2:21  Twilight Council  
  28  2:32  Stalker  
  28  2:34  Stalker  
  32  2:52  Blink (Chrono Boost)  
  32  2:53  Gateway  
  32  3:02  Shield Battery  
  32  3:08  Stalker  
  34  3:17  Stalker  
  36  3:26  Pylon  
  36  3:36  Pylon  
  36  3:48  Gateway  
  36  3:52  Stalker  
  38  3:57  Stalker  
  40  4:16  Stalker x2  
  44  4:23  Stalker  
  46  4:44  Stalker x3  
  39  5:07  Stalker x2  
  41  5:16  Stalker  
  41  5:19  Probe  
  39  5:26  Stalker  
  33  5:48  Stalker x2  
  37  5:53  Probe  
  38  5:58  Stalker  
Show
View Real Time Build Order
Export as new Build Order

DnS Protoss 

Build Orders: Oracle Opening 

Get SALT Encoding   

  12  0:00  Probe  
  13  0:12  Probe  
  14  0:17  Pylon  
  14  0:24  Probe (Chrono Boost)  
  16  0:36  Probe (Chrono Boost), Gateway  
  16  0:42  Probe (Chrono Boost)  
  16  0:46  Assimilator  
  17  0:50  Probe  
  17  0:54  Assimilator  
  18  1:03  Probe (Chrono Boost)  
  19  1:07  Gateway  
  20  1:12  Probe (Chrono Boost)  
  20  1:17  Probe (Chrono Boost)  
  20  1:25  Cybernetics Core  
  21  1:29  Probe  
  22  1:37  Pylon  
  22  1:41  Probe  
  24  2:02  Stargate  
  24  2:04  Stalker  
  25  2:09  Stalker  
  25  2:13  Warp Gate  
  27  2:17  Probe  
  27  2:22  Pylon  
  28  2:43  Oracle (Chrono Boost)  
  31  3:00  Nexus  
  31  3:01  Probe  
  32  3:15  Shield Battery  
  32  3:17  Oracle (Chrono Boost)  
  32  3:18  Probe  
  36  3:33  Pylon  
  36  3:40  Probe  
  37  3:48  Twilight Council  
  37  3:53  Pylon  
  37  4:03  Stalker x2  
  37  4:05  Shield Battery  
  37  4:07  Probe  
  42  4:12  Pylon  
  42  4:26  Stalker x2  
  46  4:33  Pylon  
  44  4:42  Shield Battery  
  40  4:57  Stalker  
  34  5:07  Stalker  
  25  5:24  Stalker  
  21  5:39  Stalker  
  21  5:55  Stalker  
Tags
 
Add a new tag
Caveats
  • Supply blocks, unpowered buildings, or Contaminate may cause inaccurate times.
  • Supply counts are checked every 10 seconds.